 Dungeon Crawl Stone Soup version 0.27.1-33-g824d729ab1 (webtiles) character file.

Game seed: 18104182373978906789

525 Atelerd the Digger (level 7, 0/41 HPs)
             Began as an Octopode Earth Elementalist on Dec 18, 2021.
             Slain by Ijyb (5 damage)
             ... on level 4 of the Dungeon.
             The game lasted 00:05:02 (4111 turns).

Atelerd the Digger (Octopode Earth Elementalist)    Turns: 4111, Time: 00:05:02

Health: 0/41       AC:  1    Str:  7    XL:     7   Next: 22%
Magic:  11/13      EV: 13    Int: 19    God:
Gold:   160        SH:  0    Dex: 13    Spells: 9/14 levels left

rFire    . . .     SeeInvis .   d - +0 short sword
rCold    . . .     Faith    .   (no shield)
rNeg     . . .     Spirit   .   (helmet restricted)
rPois    .         Reflect  .   e - amulet of magic regeneration
rElec    .         Harm     .   (no ring)
rCorr    .         Rampage  .   (no ring)
Will     .....                  (no ring)
Stlth    ++++......             (no ring)
HPRegen  0.13/turn              (no ring)
MPRegen  0.38/turn              (no ring)
                                (no ring)
                                (no ring)

@: no status effects
A: almost no armour, amphibious, 8 rings, camouflage 1, gelatinous body 1,
(nimble swimmer 1), tentacles
a: no special abilities


You were on level 4 of the Dungeon.
You visited 1 branch of the dungeon, and saw 4 of its levels.

You collected 160 gold pieces.

Inventory:

Hand Weapons
 d - a +0 short sword (weapon)
Missiles
 b - 29 stones
Jewellery
 c - an amulet of the acrobat
 e - an amulet of magic regeneration (around mantle)
Scrolls
 f - 2 scrolls of identify {unknown}
 g - 2 scrolls of teleportation {unknown}
 j - 2 scrolls of magic mapping {unknown}
 l - 2 scrolls of fog {unknown}
 p - a scroll of brand weapon {unknown}
Potions
 a - a potion of curing {unknown}
 h - a potion of brilliance {unknown}
 i - a potion of degeneration {unknown}
 k - a potion of might {unknown}
 m - a potion of flight {unknown}
 n - a potion of haste {unknown}
 o - a potion of heal wounds {unknown}
 q - 2 potions of resistance {unknown}


   Skills:
 - Level 2.0 Dodging
 + Level 4.5 Stealth
 + Level 4.2 Spellcasting
 - Level 2.0 Transmutations
 * Level 6.0 Earth Magic


You had 9 spell levels left.
You knew the following spells:

 Your Spells              Type           Power      Damage    Failure   Level
a - Sandblast             Erth           52%        2d12      1%          1
p - Petrify               Tmut/Erth      19%        N/A       26%         4

Your spell library contained the following spells:

 Spells                   Type           Power      Damage    Failure   Level
 Passwall                 Tmut/Erth      15%        N/A       4%          2
 Stone Arrow              Conj/Erth      30%        3d8       12%         3
 Magic Dart               Conj           16%        1d3       14%         1
 Searing Ray              Conj           8%         3d3       21%         2
 Fulminant Prism          Conj/Hex       2%         3d6       80%         4
 Lehudib's Crystal Spear  Conj/Erth      7%         10d3      100%        8
 Animate Armour           Summ/Erth      Unusable   N/A       N/A         4

Dungeon Overview and Level Annotations

Branches:
Dungeon (4/15)             Temple (0/1) D:4

Altars:
Qazlal

Shops:
D:2 (   D:3 [   D:4 =

Annotations:
D:1 exclusion: downstairs
D:3 exclusion: downstairs
D:4 Ijyb


Innate Abilities, Weirdness & Mutations

You cannot wear most types of armour.
You are amphibious.
You can wear up to eight rings at the same time.
Your skin changes colour to match your surroundings (Stealth+).
Your rubbery body absorbs attacks. (AC +1, EV +1)
((You are camouflaged near water. (Stealth+)))
You have tentacles for arms and can constrict up to eight enemies at once.


Message History

Ijyb is nearby!
Ijyb is nearby!
Ijyb is nearby!
Ijyb is nearby!
Ijyb shouts!
The blast of sand hits Ijyb.
Ijyb is moderately wounded.
Ijyb screams, "Me kill you!"
The blast of sand hits Ijyb!
Ijyb is heavily wounded.
Ijyb drinks a potion.
Ijyb goes berserk!
The blast of sand hits Ijyb but does no damage.
Ijyb is heavily wounded.
Ijyb closely misses you. Ijyb misses you.
You barely miss Ijyb. Your grab misses Ijyb.
Ijyb is heavily wounded.
Ijyb hits you with a +0 dagger! Ijyb hits you with a +0 dagger.
The blast of sand hits Ijyb.
Ijyb is heavily wounded.
Ijyb hits you with a +0 dagger.
You barely miss Ijyb. Your grab misses Ijyb.
Ijyb is heavily wounded.
Ijyb hits you with a +0 dagger. x2
You are too injured to fight recklessly!
Casting: Sandblast (safe; 1% risk of failure)
Confirm with . or Enter, or press ? or * to list all spells.
Aiming: Sandblast (safe; 1% risk of failure)
Press: ? - help, Shift-Dir - straight line, f/p - Ijyb
Aim: Ijyb, wielding a +0 dagger, wearing a +0 leather armour and carrying a wand of polymorph (6) (heavily wounded, berserk, 76% to hit)
The blast of sand hits Ijyb but does no damage.
Ijyb is heavily wounded.
Ijyb hits you with a +0 dagger!
* * * LOW HITPOINT WARNING * * *
Okay, then.
Okay, then.
Press: ? - help, v - describe, . - travel
Here: Ijyb, wielding a +0 dagger, wearing a +0 leather armour and carrying a wand of polymorph (6) (heavily wounded, berserk)
The floor.
Ijyb hits you with a +0 dagger.
You die...

.................'.........#
.....###....<....####...#..###
...#####........## ##(<.....#
.#.......#.....## #.##..#.#
###########...## #.#...#.# #
##'## #.#.#.# # # #.# #.# .# #
#######.##### #.# #
..........>@# #..
..####>..##g# ### #.....#.#
##...##.# ##.###.# ### #.. ###


You could see Ijyb (berserk).

Vanquished Creatures
  Menkaure (D:4)
  A phantom (D:4)
  2 jellies (D:4)
  Natasha (thrice) (D:2)
  2 orc wizards (D:4)
  Terence (D:2)
  Robin (D:2)
  3 adders
  An ufetubus (D:4)
  2 worms (D:3)
  A dart slug (D:1)
  7 orcs
  2 endoplasms (D:1)
  3 giant cockroaches
  6 hobgoblins
  2 quokkas
  A ball python (D:3)
  2 bats (D:3)
  A frilled lizard (D:3)
  13 goblins
  6 kobolds
  2 rats (D:3)
63 creatures vanquished.

Notes
Turn   | Place    | Note
-------+----------+-------------------------------------------
     0 | D:1      | Atelerd the Octopode Earth Elementalist began the quest for
                  | the Orb.
     0 | D:1      | Reached XP level 1. HP: 11/11 MP: 3/3
   157 | D:1      | Reached XP level 2. HP: 15/17 MP: 0/5
   426 | D:2      | Found Nishreef's Weapon Shoppe.
   520 | D:2      | Noticed Terence
   564 | D:1      | Found a faded altar of an unknown god.
   631 | D:1      | Reached XP level 3. HP: 21/21 MP: 4/6
   874 | D:2      | Noticed Robin
  1230 | D:2      | Killed Robin
  1369 | D:2      | Noticed Natasha
  1375 | D:2      | Killed Natasha
  1376 | D:2      | Reached XP level 4. HP: 19/27 MP: 4/8
  1449 | D:2      | Noticed Natasha
  1453 | D:2      | Killed Natasha
  1454 | D:2      | Reached skill level 4 in Earth Magic
  1619 | D:2      | Learned a level 4 spell: Petrify
  1702 | D:2      | Killed Terence
  1703 | D:2      | Reached XP level 5. HP: 31/31 MP: 4/9
  1911 | D:2      | Noticed Natasha
  1923 | D:2      | Killed Natasha
  2353 | D:3      | Found a stormy altar of Qazlal.
  2624 | D:3      | Found Ajoliv's Armour Shop.
  2922 | D:4      | Noticed Menkaure
  3229 | D:4      | Noticed a phantom
  3239 | D:4      | Killed a phantom
  3240 | D:4      | Reached skill level 5 in Earth Magic
  3240 | D:4      | Reached XP level 6. HP: 17/36 MP: 6/11
  3431 | D:4      | Killed Menkaure
  3701 | D:4      | Found a staircase to the Ecumenical Temple.
  3745 | D:4      | Reached XP level 7. HP: 24/41 MP: 10/13
  3979 | D:4      | Found Iwovvet's Jewellery Shoppe.
  4013 | D:4      | Reached skill level 6 in Earth Magic
  4102 | D:4      | Noticed Ijyb
  4111 | D:4      | Slain by Ijyb

Illustrated notes

Levels and vault maps discovered:
D:1:      mrwooster_arrival_statue_3, layout_basic,
          dilly_ecumenical_altar_fadedgnrine, minmay_tall_x
D:2:      layout_loops_cross, serial_shops, nicolae_diamond_shop, uniq_terence,
          uniq_robin, uniq_natasha
D:3:      layout_loops_ring, mainiacjoe_overflow_tiny_flanked, serial_shops,
          shop_statue, amcnicky_mini_pool_small, eino_tiny_chamber
D:4:      layout_loops_corners, minmay_temple_entry_hall, serial_shops,
          nicolae_shop_statue_plus, kennysheep_little_box, shop,
          chequers_serial_rivers_large_a, uniq_ijyb, uniq_menkaure

Skill      XL: |  1  2  3  4  5  6  7 |
---------------+----------------------+-----
Transmutations | 2 |  2.0
Spellcasting   | 3 4 |  4.2
Earth Magic    | 4 5 6 |  6.0
Stealth        | 3 4 |  4.5
Dodging        | |  2.0

Action                   |  1- 3 |  4- 6 |  7- 9 || total
-------------------------+-------+-------+-------++-------
Melee: Unarmed           |    16 |       |       ||    16
       Constrict         |    13 |    14 |     1 ||    28
       Tentacles         |     5 |    10 |     1 ||    16
       Short sword       |    18 |    60 |     3 ||    81
 Cast: Sandblast         |    30 |    33 |    19 ||    82
       Petrify           |       |     2 |       ||     2
 Stab: Petrified         |       |    10 |       ||    10
       Sleeping          |       |     2 |       ||     2
Armor: Skin              |     3 |     4 |       ||     7
Dodge: Dodged            |    47 |    33 |     2 ||    82
